 Dungeon Sprint DCSS version 0.15-a0-1403-g2cecdf4 (webtiles) character file.

6009 PolkaDot the Maledictor (level 10, -5/71 HPs)
             Began as a Vampire Enchanter on June 11, 2014.
             Slain by a demonic crawler (12 damage)
             ... in the Dungeon (Sprint I: "Red Sonja").
             The game lasted 00:13:23 (2005 turns).

PolkaDot the Maledictor (Vampire Enchanter)         Turns: 2005, Time: 00:13:24

HP  -5/71        AC  3     Str  7      XL: 10   Next: 56%
MP   8/16        EV 20     Int 20      God:
Gold 142         SH  0     Dex 14      Spells:  5 memorised,  0 levels left

rFire  + . .     SeeInvis +     a - +1 dagger
rCold  + + +     Clarity  .     k - +1 robe {rC+ rF+}
rNeg   + + +     rCorr    .     (no shield)
rPois  +         rRot     +     (no helmet)
rElec  .         Spirit   .     (no cloak)
SustAb .         Warding  .     (no gloves)
rMut   .         NoTele   +     (no boots)
Gourm  .                        (no amulet)
MR     +....                    (no ring)
                                n - ring of poison resistance

@: regenerating slowly, somewhat resistant to hostile enchantments, incredibly
stealthy
A: bottle blood, fangs 3, see invisible, unbreathing
a: Bat Form, Bottle Blood


You were in the Dungeon.
You were near bloodless.

You visited 1 branch You collected 1372 gold pieces.
You spent 1230 gold pieces at shops.

Inventory:

Hand weapons
 a - a +1,+1 dagger (weapon)
 b - a +1 blowgun
Missiles
 m - 4 curare-tipped needles
Armour
 k - a +1 robe of resistance (worn)
Magical devices
 o - a wand of hasting (6)
Scrolls
 j - a scroll of blinking
 q - a scroll of enchant weapon II {unknown}
Jewellery
 n - a ring of poison resistance (left hand)
Potions
 d - a potion of coagulated blood {@w2}
 e - 3 potions of curing
 f - a potion of heal wounds
 g - a potion of haste
 h - 2 potions of magic
 i - a potion of berserk rage
 p - a potion of restore abilities
Books
 c - a book of Maledictions

   Spells                             Type                      Level
   *Corona                            Hexes                        1
   Sure Blade                         Hexes/Charms                 2
   *Ensorcelled Hibernation           Hexes/Ice                    2
   *Confuse                           Hexes                        3
   *Dazzling Spray                    Conjuration/Hexes            3
   *Enslavement                       Hexes                        4
 l - a book of Wizardry

   Spells                             Type                      Level
   Agony                              Necromancy                   5
   Force Lance                        Conjuration                  5
   Dispersal                          Translocation                6
   Haste                              Charms                       6
   Invisibility                       Hexes                        6
   Spellforged Servitor               Conjuration/Summoning        7
 r - a book of Wizardry

   Spells                             Type                      Level
   Agony                              Necromancy                   5
   Force Lance                        Conjuration                  5
   Dispersal                          Translocation                6
   Haste                              Charms                       6
   Invisibility                       Hexes                        6
   Spellforged Servitor               Conjuration/Summoning        7


   Skills:
 - Level 3.8 Fighting
 - Level 1.1 Short Blades
 - Level 12.9 Dodging
 + Level 20.5 Stealth
 * Level 2.0 Spellcasting
 + Level 21.6 Hexes


You couldn't memorise any spells.
You knew the following spells:

 Your Spells              Type           Power        Failure   Level  Hunger
a - Corona                Hex            ######.      0%          1    #......
c - Confuse               Hex            ######..     0%          3    ###....
d - Ensorcelled Hibernat  Hex/Ice        #####.       1%          2    ##.....
e - Enslavement           Hex            ######..     1%          4    #####..
s - Dazzling Spray        Conj/Hex       #####...     1%          3    ###....


Dungeon Overview and Level Annotations

Branches:
Dungeon (1/1)

Altars:
Cheibriados
Dithmenos
Elyvilon
Fedhas
Gozag
Kikubaaqudgha
Makhleb
Nemelex Xobeh
Okawaru
Qazlal
Sif Muna
Trog
Vehumet
Xom
Yredelemnul
Zin
The Shining One
Jiyva

Shops:
D }:*(!:?[[!%[?:[[(


Innate Abilities, Weirdness & Mutations

You heal slowly.
You can bottle blood from corpses.
You have razor-sharp teeth.*
You have supernaturally acute eyesight.
You can survive without breathing.*


Message History

The demonic crawler misses you. The demonic crawler closely misses you.
You catch the helpless demonic crawler completely off-guard!
You slice the demonic crawler!! Your bite misses the demonic crawler.
The demonic crawler is almost dead.
The demonic crawler misses you. x2
The demonic crawler barely misses you.
You hit the demonic crawler. Your bite misses the demonic crawler.
The demonic crawler is almost dead.
The demonic crawler completely misses you.
The demonic crawler closely misses you. The demonic crawler hits you!
* * * LOW HITPOINT WARNING * * *
The demonic crawler misses you.
The demonic crawler completely misses you.
The demonic crawler hits you!
* * * LOW HITPOINT WARNING * * *
The demonic crawler hits you.
* * * LOW HITPOINT WARNING * * *
The demonic crawler completely misses you.
The demonic crawler closely misses you. The demonic crawler hits you!
You die...

##################
.#.)'..#__#..'.).#
)'..#..'..'..#..s##+#
'#####'#__####)s@ss.#
.#...#.####§%#####..+
##..##.#≈≈§§§#..# +##
_##'#..+§≈§§.'..#
..'..._#§≈≈.)#.§#
_##_.#'##§#####'###
_###'#.#.((.###.'.#
####.####'###[###.#
..'...'.....'%∩##%#


You could see 4 demonic crawlers.

Vanquished Creatures
  2 centaur warriors (D)
  A deep troll (D)
  2 unseen horrors (D)
  An oklob plant (D)
  2 kobold demonologists (D)
  Sonja (D)
  A slime creature (D)
  4 trapdoor spiders (D)
  A yak (D)
  An ogre (D)
  A yellow wasp (D)
  7 necrophages (D)
  Sigmund (D)
  7 pulsating lumps (D)
  A jelly (D)
  Ijyb (D)
  2 giant eyeballs (D)
  6 ballistomycetes (D)
42 creatures vanquished.

Vanquished Creatures (others)
  A gargoyle (D)
  2 giant spores (D)
3 creatures vanquished.

Grand Total: 45 creatures vanquished

Notes
Turn   | Place    | Note
--------------------------------------------------------------
     0 | D        | PolkaDot, the Vampire Enchanter, began the quest for the Orb.
     0 | D        | Reached XP level 1. HP: 13/13 MP: 3/3
     2 | D        | Noticed Ijyb
    19 | D        | Killed a gargoyle
    21 | D        | Killed Ijyb
    21 | D        | Reached skill level 9 in Stealth
    21 | D        | Reached XP level 2. HP: 11/19 MP: 4/4
   612 | D        | Learned a level 2 spell: Ensorcelled Hibernation
   613 | D        | Noticed an ogre
   616 | D        | Killed an ogre
   616 | D        | Reached skill level 11 in Stealth
   616 | D        | Reached skill level 10 in Hexes
   616 | D        | Reached XP level 3. HP: 24/24 MP: 6/6
   616 | D        | Reached XP level 4. HP: 30/30 MP: 7/7
   621 | D        | Learned a level 3 spell: Confuse
   632 | D        | Noticed Sigmund
   635 | D        | Killed Sigmund
   635 | D        | Reached skill level 12 in Stealth
   635 | D        | Reached XP level 5. HP: 26/35 MP: 6/9
   726 | D        | Found a deep blue altar of Sif Muna.
   727 | D        | Noticed a jelly
   728 | D        | Found a radiant altar of Vehumet.
   732 | D        | Killed a jelly
   743 | D        | Found Ekiufitsah's Book Emporium.
   743 | D        | Found a white marble altar of Elyvilon.
   743 | D        | Found a burning altar of Makhleb.
   743 | D        | Found a glowing golden altar of the Shining One.
   743 | D        | Found an opulent altar of Gozag.
   743 | D        | Found a glowing silver altar of Zin.
   743 | D        | Noticed a yak
   744 | D        | Found a stormy altar of Qazlal.
   744 | D        | Found a basalt altar of Yredelemnul.
   744 | D        | Found an iron altar of Okawaru.
   744 | D        | Found a sparkling altar of Nemelex Xobeh.
   744 | D        | Found a shimmering altar of Xom.
   744 | D        | Found an ancient bone altar of Kikubaaqudgha.
   745 | D        | Killed a yak
   745 | D        | Reached skill level 13 in Stealth
   745 | D        | Reached skill level 14 in Hexes
   745 | D        | Reached XP level 6. HP: 41/41 MP: 10/10
   746 | D        | Found a bloodstained altar of Trog.
   789 | D        | Learned a level 3 spell: Dazzling Spray
   794 | D        | Noticed Sonja
   798 | D        | Killed Sonja
   798 | D        | Reached skill level 16 in Hexes
   798 | D        | Reached XP level 7. HP: 46/46 MP: 12/12
  1017 | D        | Found Blomar's Gadget Boutique.
  1046 | D        | Found a snail-covered altar of Cheibriados.
  1046 | D        | Found a shadowy altar of Dithmenos.
  1046 | D        | Noticed a slime creature
  1047 | D        | Found a viscous altar of Jiyva.
  1047 | D        | Found a blossoming altar of Fedhas.
  1049 | D        | Killed a slime creature
  1049 | D        | Reached skill level 15 in Stealth
  1049 | D        | Reached skill level 17 in Hexes
  1064 | D        | Noticed a kobold demonologist
  1065 | D        | Noticed a kobold demonologist
  1071 | D        | Noticed a red devil
  1071 | D        | Killed a kobold demonologist
  1071 | D        | Reached skill level 18 in Hexes
  1075 | D        | Killed a kobold demonologist
  1075 | D        | Reached skill level 19 in Hexes
  1075 | D        | Reached XP level 8. HP: 21/52 MP: 1/13
  1254 | D        | Noticed a demonic crawler
  1254 | D        | Noticed a demonic crawler
  1254 | D        | Noticed a demonic crawler
  1254 | D        | Noticed a demonic crawler
  1281 | D        | Noticed a deep troll
  1285 | D        | Killed a deep troll
  1313 | D        | Bought a wand of hasting (6) for 600 gold pieces
  1332 | D        | Found Qobiyfro's Armour Emporium.
  1351 | D        | Noticed a centaur warrior
  1351 | D        | Noticed a centaur warrior
  1354 | D        | Killed a centaur warrior
  1354 | D        | Reached XP level 9. HP: 57/57 MP: 14/14
  1355 | D        | Killed a centaur warrior
  1355 | D        | Reached skill level 10 in Dodging
  1355 | D        | Reached skill level 20 in Hexes
  1360 | D        | Noticed a yellow wasp
  1363 | D        | Killed a yellow wasp
  1378 | D        | Noticed an oklob plant
  1380 | D        | Killed an oklob plant
  1386 | D        | Noticed a trapdoor spider
  1387 | D        | Killed a trapdoor spider
  1390 | D        | Noticed a trapdoor spider
  1391 | D        | Killed a trapdoor spider
  1394 | D        | Noticed a trapdoor spider
  1395 | D        | Killed a trapdoor spider
  1395 | D        | Reached XP level 10. HP: 28/63 MP: 10/16
  1398 | D        | Noticed a trapdoor spider
  1417 | D        | Killed a trapdoor spider
  1512 | D        | Learned a level 4 spell: Enslavement
  1525 | D        | Noticed an unseen horror
  1526 | D        | Noticed an unseen horror
  1535 | D        | Killed an unseen horror
  1535 | D        | Reached skill level 21 in Hexes
  1537 | D        | Killed an unseen horror
  1761 | D        | Noticed a pulsating lump
  1761 | D        | Noticed a pulsating lump
  1761 | D        | Noticed a pulsating lump
  1761 | D        | Noticed a pulsating lump
  1761 | D        | Noticed a pulsating lump
  1761 | D        | Noticed a pulsating lump
  1761 | D        | Noticed a pulsating lump
  1763 | D        | Killed a pulsating lump
  1764 | D        | Killed a pulsating lump
  1765 | D        | Killed a pulsating lump
  1765 | D        | Reached skill level 1 in Fighting
  1766 | D        | Noticed a necrophage
  1766 | D        | Noticed a necrophage
  1766 | D        | Noticed a necrophage
  1767 | D        | Killed a pulsating lump
  1768 | D        | Killed a pulsating lump
  1768 | D        | Paralysed by a giant eyeball for 4 turns
  1773 | D        | Killed a pulsating lump
  1774 | D        | Noticed a necrophage
  1774 | D        | Noticed a necrophage
  1775 | D        | Killed a pulsating lump
  1777 | D        | Noticed a necrophage
  1790 | D        | Killed a necrophage
  1801 | D        | Killed a necrophage
  1817 | D        | Killed a necrophage
  1878 | D        | Noticed a necrophage
  1881 | D        | Killed a necrophage
  1883 | D        | Killed a necrophage
  1885 | D        | Killed a necrophage
  1886 | D        | Killed a necrophage
  1911 | D        | Found Unufad's Weapon Shoppe.
  1911 | D        | Found Qacov's Assorted Antiques.
  1911 | D        | Found Toal's Distillery.
  1913 | D        | Found Subbakh's Book Emporium.
  1913 | D        | Found Etib Tau's Magic Scroll Shop.
  1913 | D        | Found Skaobaw's Armour Shoppe.
  1913 | D        | Found Hyvoulu's Armour Boutique.
  1913 | D        | Found Echygaj's Distillery.
  1913 | D        | Found Gaagapp's Food Shop.
  1913 | D        | Found Oxtukloh's Armour Shoppe.
  1913 | D        | Found Tuepso's Magic Scroll Boutique.
  1917 | D        | Found Tuyn's Antique Armour Emporium.
  1917 | D        | Found Ghaih's Book Boutique.
  1918 | D        | Bought a book of Wizardry for 300 gold pieces
  1919 | D        | Found Mnym Ing's Antique Weapon Emporium.
  1929 | D        | Bought a book of Wizardry for 330 gold pieces
  1971 | D        | Noticed a shining eye
  1971 | D        | Noticed a shining eye
  2005 | D        | Slain by a demonic crawler

Action                   |  1- 3 |  4- 6 |  7- 9 | 10-12 || total
-------------------------+-------+-------+-------+-------++-------
Melee: Dagger            |    19 |     4 |    92 |    48 ||   163
       Blowgun           |       |       |     1 |       ||     1
 Fire: Blowgun           |       |       |     2 |       ||     2
 Cast: Corona            |     1 |       |       |       ||     1
       Ensorcelled Hiber |       |     1 |     9 |     7 ||    17
       Confuse           |       |       |       |     5 ||     5
       Dazzling Spray    |       |       |       |     3 ||     3
  Use: Scroll            |       |       |       |     1 ||     1
       Potion            |       |       |       |     1 ||     1
 Stab: Sleeping          |     2 |     4 |    12 |    14 ||    32
       Confused          |       |       |       |     4 ||     4
       Invisible         |       |       |       |     2 ||     2
